 Dungeon Crawl Stone Soup version 0.31-a0-455-g1a7b003ef0 (webtiles) character file.

Game seed: 1057230829203402370

155 Flugkiller the Changeling (level 5, -1/32 HPs)
             Began as a Deep Elf Shapeshifter on Aug 3, 2023.
             Was an Initiate of Wu Jian.
             Killed from afar by a steam dragon (5 damage)
             ... with a ball of steam
             ... on level 4 of the Dungeon.
             The game lasted 00:02:43 (2661 turns).

Flugkiller the Changeling (Deep Elf Shapeshifter)   Turns: 2661, Time: 00:02:44

Health: -1/32      AC:  8    Str: 12    XL:     5   Next: 14%
Magic:  7/7        EV:  6    Int: 15    God:    Wu Jian [......]
Gold:   68         SH:  0    Dex: 15    Spells: 4/4 levels left

rFire   + .          .
                       - Unarmed
rCold   + . .        (no shield)
rNeg    . . .        i - +0 chain mail
rPois   +            (helmet currently unavailable)
rElec   +            (cloak currently unavailable)
rCorr   +            (gloves currently unavailable)
SInv    +            (boots currently unavailable)
Will    .....        (no amulet) Stlth
                     (no ring)
HPRegen 0.25/turn    (no ring)
MPRegen 0.10/turn

%: no passive effects
@: beast-form, resistant
A: beast (slay +2)
a: Begin Untransformation, Renounce Religion


You were on level 4 of the Dungeon.
You worshipped Wu Jian.
Wu Jian was noncommittal.
You were a hulking beast.
You visited 1 branch of the dungeon, and saw 4 of its levels.

You collected 68 gold pieces.

Inventory:

Missiles
 m - a throwing net
Armour
 a - a +0 ring mail
   (You found it on level 2 of the Dungeon)
 i - a +0 chain mail (worn)
   (You found it on level 1 of the Dungeon)
 o - a +0 pair of gloves
   (You found it on level 2 of the Dungeon)
Jewellery
 f - a ring of fire
   (You found it on level 1 of the Dungeon)
 j - a ring of ice
   (You found it on level 1 of the Dungeon)
 p - a ring of positive energy
   (You found it on level 2 of the Dungeon)
Talismans
 c - a beast talisman (active)
Scrolls
 k - a scroll of amnesia
 r - a scroll of teleportation {unknown}
 s - a scroll of torment {unknown}
 u - a scroll of identify {unknown}
 w - a scroll of noise {unknown}
Potions
 h - a potion of brilliance {unknown}
 l - a potion of heal wounds {unknown}
 q - 2 potions of attraction
 t - a potion of berserk rage {unknown}
 v - a potion of curing {unknown}


   Skills:
 + Level 2.9 Fighting
 - Level 2.4 Dodging
 + Level 3.2 Unarmed Combat
 + Level 4.0 Shapeshifting


You had 4 spell levels left.
You didn't know any spells.
Your spell library contained the following spells:

 Spells                   Type           Power      Damage    Failure   Level
 Blink                    Tloc           0%         N/A       100%        2
 Lesser Beckoning         Tloc           0%         N/A       100%        2
 Momentum Strike          Conj/Tloc      0%         3d8       100%        2
 Ozocubu's Armour         Ice            0%         N/A       100%        3
 Metabolic Englaciation   Hex/Ice        0%         N/A       100%        5
 Simulacrum               Ice/Necr       0%         N/A       100%        6


Dungeon Overview and Level Annotations

Branches:
Dungeon (4/15) Zot: 21344
 Temple: D:4-7

Altars:
Qazlal
Wu Jian


Message History

The sky beast is moderately wounded.
The sky beast hits you but does no damage.
You hit the sky beast.
The sky beast is moderately wounded.
The sky beast flickers out of sight!
Deactivating autopickup; reactivate with Ctrl-A.
Something hits you. Something shocks you.
You hit something but do no damage. Something hits you but does no damage.
You closely miss something. Something hits you but does no damage.
You miss something. Something completely misses you.
You closely miss something. Something hits you. Something shocks you.
Okay, then.
It was a potion of attraction.
You feel attractive to monsters. Something hits you but does no damage.
Really quaff the potion of lignification?
Your transformation has ended.
You turn into a tree.
Your +0 chain mail melds into your body.
Your roots penetrate the ground.
A sky beast appears from thin air!
Reactivating autopickup.
The sky beast hits you but does no damage.
You hit the sky beast.
The sky beast is heavily wounded.
The sky beast hits you but does no damage.
You smack the sky beast!
The sky beast is almost dead.
The sky beast hits you but does no damage.
You hit the sky beast but do no damage.
The sky beast is almost dead.
The sky beast hits you but does no damage.
You hit the sky beast.
The sky beast is almost dead.
The sky beast hits you but does no damage.
You barely miss the sky beast.
The sky beast is almost dead.
The sky beast hits you but does no damage.
You hit the sky beast but do no damage.
The sky beast is almost dead.
You smack the sky beast!
You kill the sky beast!
The Council accepts your kill.
Your Unarmed Combat skill increases to level 3!
Your Shapeshifting skill increases to level 4!
You have reached level 4!
You feel clever.
You have reached level 5!
You start resting.
You feel less attractive to monsters.
You start resting.
Your transformation is almost over.
You feel less wooden.
Your +0 chain mail unmelds from your body.
You turn into a hulking beast.
You start resting.
HP restored.
Done exploring.
Done exploring.
Done exploring.
Done exploring.
(D) Dungeon
Where to? (Enter - D:4, ? - help)
There is a shaft here.
There is a stone staircase leading down here.
You climb downwards.
The orc shouts!
There is a stone staircase leading up here.
An orc is nearby!
Unknown command.
A steam dragon comes into view.
You hit the steam dragon.
The steam dragon is lightly wounded.
The steam dragon bites you!
The steam dragon claws you but does no damage.
The orc hits you with a +0 hand axe.
You are too injured to fight recklessly!
You are too injured to fight recklessly!
The steam dragon attacks as you move away!
The steam dragon bites you. The steam dragon claws you.
You feel protected. The steam dragon bites you.
The steam dragon claws you but does no damage.
Okay, then.
As you read the scroll labelled SAPLAN QOCI, it crumbles to dust.
It is a scroll of enchant weapon.
You aren't carrying any weapons that can be enchanted.
The steam dragon bites you but does no damage.
The steam dragon claws you.
* * * LOW HITPOINT WARNING * * *
As you read the scroll labelled KAATRO NOUREHU, it crumbles to dust.
The creatures around you are filled with an inner flame!
It was a scroll of immolation.
The steam dragon bites you.
* * * LOW HITPOINT WARNING * * *
The steam dragon claws you but does no damage.
As you read the scroll labelled NEM FAWUT KES, it crumbles to dust.
You feel aware of your surroundings.
You sensed 1 shop/portal.
It was a scroll of revelation.
The steam dragon breathes steam at you. The ball of steam hits you. You resist.
You die...

*,******* *,*
###.########### *,****
###.########### *,,,,,
###.########### *,,***
##...##########****,,*
*#.#.#..........,,,,,,*
**#.##.#..o.......,,,,,,*
*,.......D#.......,,,,,,*
*,#.##.#..h.##.##.,,,,,,*
*,,.........##.##.,,,,,,*
*,*####...####.##.**,**,**
*,*####...####.#..,*,*,,,**
*,*####...........,,,*,*,,,
*,*####....#..##..,***,,,,,
*,*####...#...###.,,,,,,,**
*,,...........###.,,,,,,,**
*,**,,,,,,,,,,***,*********


You could see a steam dragon (inner flame, catching breath) and an orc.

Vanquished Creatures
  A sky beast (D:3)
  3 worms
  A dart slug (D:1)
  An orc (D:3)
  2 endoplasms (D:1)
  5 giant cockroaches
  5 goblins
  3 hobgoblins
  2 jackals (D:2)
  5 quokkas
  5 ball pythons
  2 bats
  6 frilled lizards
  6 kobolds
  6 rats
53 creatures vanquished.

Notes
Turn   | Place    | Note
-------+----------+-------------------------------------------
     0 | D:1      | Flugkiller the Deep Elf Shapeshifter began the quest for
                  | the Orb.
     0 | D:1      | Reached XP level 1. HP: 11/11 MP: 3/3
    63 | D:1      | Reached skill level 1 in Fighting
   187 | D:1      | Reached XP level 2. HP: 17/17 MP: 4/4
   690 | D:1      | Reached XP level 3. HP: 21/21 MP: 5/5
  1005 | D:2      | Found an ornate altar of the Wu Jian Council.
  1022 | D:2      | Became a worshipper of the Wu Jian Council
  1289 | D:2      | Found a faded altar of an unknown god.
  1713 | D:3      | Found a stormy altar of Qazlal.
  1713 | D:3      | Noticed a sky beast
  2557 | D:3      | Killed a sky beast
  2558 | D:3      | Reached skill level 4 in Shapeshifting
  2558 | D:3      | Reached XP level 4. HP: 15/27 MP: 6/6
  2558 | D:3      | Reached XP level 5. HP: 18/32 MP: 7/7
  2655 | D:4      | Noticed a steam dragon
  2661 | D:4      | Killed from afar by a steam dragon

Illustrated notes

Levels and vault maps discovered:
D:1:      wheals_arrival_shading, layout_loops_ring, serial_co_window_serial,
          co_window_corner_a, co_window_of_opportunity_a, co_window_paths_a,
          co_window_cross_1, co_window_corner_a, co_window_broadway_c,
          co_window_broadway_b, co_window_unsneaky_path_e, glass_columns_b,
          glass_columns_a, minmay_lizard_pond
D:2:      layout_loops_ring, ebering_ecumenical_altar_webs, basic_altar
D:3:      layout_basic, nicolae_qazlal_beasts_of_the_sky, serial_bayou_pond_e,
          kennysheep_generic_room_13
D:4:      layout_loops_ring, serial_shops, nicolae_stop_n_shop_1,
          nicolae_eternal_life, uniq_edmund, uniq_crazy_yiuf_cottage,
          uniq_eustachio, uniq_natasha

Skill      XL: |  1  2  3 |
---------------+----------+-----
Fighting       | 1 2 |  2.9
Unarmed Combat | 3 |  3.2
Shapeshifting  | 4 |  4.0
Dodging        | |  2.4

Action                     |  1- 3 |  4- 6 || total
---------------------------+-------+-------++-------
  Melee: Unarmed           |   160 |     1 ||   161
         Punch             |     1 |       ||     1
Ability: Lunge             |     4 |       ||     4
    Use: Potion            |     3 |     1 ||     4
         Scroll            |     1 |     3 ||     4
   Stab: Sleeping          |     2 |       ||     2
 Armour: Animal skin       |     3 |       ||     3
         Chain mail        |    60 |     4 ||    64
         Skin              |     6 |       ||     6
  Dodge: Dodged            |    53 |       ||    53

Table legend: (Time is in decaauts)
 A = Elapsed time spent in this place.
 B = Non-inter-level travel time spent in this place.
 C = Inter-level travel time spent in this place.
 D = Time resting spent in this place.
 E = Time spent auto-exploring this place.
 F = Levels seen in this place.
 G = Mean time per level.
                   A        B        C        D        E       F      G
               +--------+--------+--------+--------+--------+-----+--------+
         Total |   2654 |   2486 |    168 |    112 |   1815 |   4 |  663.5 |
       Dungeon |   2654 |   2486 |    168 |    112 |   1815 |   4 |  663.5 |
               +--------+--------+--------+--------+--------+-----+--------+

Top non-repeatable levels by time:
     D:3: 969 daAuts
     D:2: 876 daAuts
     D:1: 801 daAuts
     D:4: 6 daAuts
